| TOP OF THE 1ST |
|
San Antonio Missions batting - Pitching for Colorado (EL) Rockies : RHP Dave Shanks
|
|
Pitching: RHP Dave Shanks
|
|
|
Batting: RHB Dave McBain
|
0-0: Ball 1-0: Swinging Strike 1-1: Called Strike 1-2: Foul Ball, location: 2F 1-2: Foul Ball, location: 2F 1-2: Ball 2-2: Ground out 5-3 (Groundball, 5, EV 108.1 MPH)
|
|
Batting: RHB Freddie Brown
|
0-0: Ball 1-0: Swinging Strike 1-1: Foul Ball, location: 2F 1-2: Strikes out looking
|
|
Batting: RHB Mike Maserang
|
0-0: Ball 1-0: Called Strike 1-1: Called Strike 1-2: Ball 2-2: Ball 3-2: Foul Ball, location: 2F 3-2: Fly out, F1 (Line Drive, P, EV 71.9 MPH)
|
| Top of the 1st over - 0 runs, 0 hits, 0 errors, 0 left on base; San Antonio 0 - Colorado (EL) 0 |
| BOTTOM OF THE 1ST |
|
Colorado (EL) Rockies batting - Pitching for San Antonio Missions : RHP Nick Cunningham
|
|
Pitching: RHP Nick Cunningham
|
|
|
Batting: LHB Nick Martin
|
0-0: Foul Ball, location: 2F 0-1: Foul Ball, location: 2F 0-2: Ball 1-2: Strikes out swinging
|
|
Batting: RHB Chris Osting
|
0-0: Foul Ball, location: 2F 0-1: Ball 1-1: Ground out 5-3 (Groundball, 56S, EV 69.4 MPH)
|
|
Batting: SHB Jeff Sorrels
|
0-0: Ball 1-0: Called Strike 1-1: Foul Ball, location: 2F 1-2: Ground out 6-3 (Groundball, 4, EV 102.5 MPH)
|
| Bottom of the 1st over - 0 runs, 0 hits, 0 errors, 0 left on base; San Antonio 0 - Colorado (EL) 0 |
| TOP OF THE 2ND |
|
San Antonio Missions batting - Pitching for Colorado (EL) Rockies : RHP Dave Shanks
|
|
Batting: RHB John Freeman
|
0-0: Reached on error, E5 (Groundball, 56, EV 100.6 MPH)
|
|
Batting: RHB Cesar Ortega
|
0-0: Called Strike John Freeman is caught stealing 2nd base 2-4 0-1: Foul Ball, location: 2F 0-2: Ball 1-2: Foul Ball, location: 2F 1-2: Ball 2-2: Ground out U3 (Groundball, 34S, EV 84.4 MPH)
|
|
Batting: RHB Adrian Martinelli
|
0-0: Ball 1-0: Foul Ball, location: 2F 1-1: SINGLE (Line Drive, 78S, EV 103.1 MPH)
|
|
Batting: RHB David Aguilar
|
0-0: Foul Ball, location: 2F 0-1: Foul Ball, location: 2F 0-2: Fly out, F6 (Line Drive, 6, EV 74.4 MPH)
|
| Top of the 2nd over - 0 runs, 1 hit, 1 error, 1 left on base; San Antonio 0 - Colorado (EL) 0 |
| BOTTOM OF THE 2ND |
|
Colorado (EL) Rockies batting - Pitching for San Antonio Missions : RHP Nick Cunningham
|
|
Batting: RHB T.J. Williams
|
0-0: Ground out 4-3 (Groundball, 4, EV 81.9 MPH)
|
|
Batting: LHB Iehohs Inatho
|
0-0: Foul Ball, location: 2F 0-1: Ball 1-1: Ball 2-1: Foul Ball, location: 2F 2-2: Ball 3-2: Foul Ball, location: 2F 3-2: Foul Ball, location: 2F 3-2: Foul Ball, location: 2F 3-2: Base on Balls
|
|
Batting: RHB Matviy Oliynyk
|
0-0: Foul Ball, location: 2F 0-1: Called Strike 0-2: Foul Ball, location: 2F Pickoff Throw to First - Error! E1 Iehohs Inatho to second 0-2: Ball 1-2: Strikes out swinging
|
|
Batting: LHB Daniel Green
|
0-0: Foul Ball, location: 2F 0-1: Called Strike 0-2: Ground out 6-3 (Groundball, 4M, EV 80.6 MPH)
|
| Bottom of the 2nd over - 0 runs, 0 hits, 1 error, 1 left on base; San Antonio 0 - Colorado (EL) 0 |
| TOP OF THE 3RD |
|
San Antonio Missions batting - Pitching for Colorado (EL) Rockies : RHP Dave Shanks
|
|
Batting: LHB Josh Slusarczyk
|
0-0: Ball 1-0: Swinging Strike 1-1: Ball 2-1: Reached on error, E7 (Flyball, 78M, EV 88.1 MPH)
|
|
Batting: RHB Roberto Monzon
|
0-0: Grounds into double play, 4-6-3 (Groundball, 4, EV 106.2 MPH)
|
|
Batting: RHB Dave McBain
|
0-0: Ball 1-0: Ground out 4-3 (Groundball, 4S, EV 71.2 MPH)
|
| Top of the 3rd over - 0 runs, 0 hits, 1 error, 0 left on base; San Antonio 0 - Colorado (EL) 0 |
| BOTTOM OF THE 3RD |
|
Colorado (EL) Rockies batting - Pitching for San Antonio Missions : RHP Nick Cunningham
|
|
Batting: LHB Harry Folsom
|
0-0: Swinging Strike 0-1: Bunted foul 0-2: Strikes out looking
|
|
Batting: RHB Willie Benito
|
0-0: DOUBLE (Flyball, 8RXD, EV 110.0 MPH)
|
|
Batting: LHB Nick Martin
|
0-0: Ground out 5-3 (Groundball, 5L, EV 81.2 MPH)
|
|
Batting: RHB Chris Osting
|
0-0: Ball 1-0: SINGLE (Groundball, 5S, EV 61.9 MPH) (infield hit) Willie Benito to third
|
|
Batting: SHB Jeff Sorrels
|
0-0: Called Strike 0-1: Fielders Choice at 2nd, 5-4 (Groundball, 56, EV 76.2 MPH)
|
| Bottom of the 3rd over - 0 runs, 2 hits, 0 errors, 2 left on base; San Antonio 0 - Colorado (EL) 0 |
| TOP OF THE 4TH |
|
San Antonio Missions batting - Pitching for Colorado (EL) Rockies : RHP Dave Shanks
|
|
Batting: RHB Freddie Brown
|
0-0: Ball 1-0: Fly out, F4 (Popup, 4M, EV 75.6 MPH)
|
|
Batting: RHB Mike Maserang
|
0-0: Called Strike 0-1: Called Strike 0-2: Ball 1-2: Ball 2-2: Strikes out swinging
|
|
Batting: RHB John Freeman
|
0-0: SOLO HOME RUN (Flyball, 7D, EV 95.6 MPH), Distance : 370 ft
|
|
Batting: RHB Cesar Ortega
|
0-0: Fly out, F9 (Flyball, 89M, EV 85.6 MPH)
|
| Top of the 4th over - 1 run, 1 hit, 0 errors, 0 left on base; San Antonio 1 - Colorado (EL) 0 |
| BOTTOM OF THE 4TH |
|
Colorado (EL) Rockies batting - Pitching for San Antonio Missions : RHP Nick Cunningham
|
|
Batting: RHB T.J. Williams
|
0-0: Swinging Strike 0-1: Ball 1-1: SINGLE (Groundball, 6MD, EV 100.6 MPH)
|
|
Batting: LHB Iehohs Inatho
|
0-0: Called Strike 0-1: Called Strike 0-2: Ball 1-2: Ball 2-2: Fielders Choice at 2nd, 6-4 (Groundball, 6, EV 83.1 MPH)
|
|
Batting: RHB Matviy Oliynyk
|
0-0: Called Strike 0-1: Called Strike Iehohs Inatho steals 2nd base (no throw) 0-2: Foul Ball, location: 2F 0-2: Strikes out swinging
|
|
Batting: LHB Daniel Green
|
0-0: Ball 1-0: Ground out 1-3 (Groundball, 15S, EV 60.6 MPH)
|
| Bottom of the 4th over - 0 runs, 1 hit, 0 errors, 1 left on base; San Antonio 1 - Colorado (EL) 0 |
| TOP OF THE 5TH |
|
San Antonio Missions batting - Pitching for Colorado (EL) Rockies : RHP Dave Shanks
|
|
Batting: RHB Adrian Martinelli
|
0-0: Called Strike 0-1: Ball 1-1: Foul Ball, location: 2F 1-2: Strikes out swinging
|
|
Batting: RHB David Aguilar
|
0-0: Called Strike 0-1: Ball 1-1: Hit by Pitch
|
|
Batting: LHB Josh Slusarczyk
|
0-0: Called Strike 0-1: Swinging Strike 0-2: Ball 1-2: Foul Ball, location: 2F 1-2: Foul Ball, location: 2F 1-2: Strikes out swinging
|
|
Batting: RHB Roberto Monzon
|
0-0: Called Strike David Aguilar steals 2nd base 0-1: Foul Ball, location: 2F 0-2: Fly out, F9 (Flyball, 9S, EV 78.1 MPH)
|
| Top of the 5th over - 0 runs, 0 hits, 0 errors, 1 left on base; San Antonio 1 - Colorado (EL) 0 |
| BOTTOM OF THE 5TH |
|
Colorado (EL) Rockies batting - Pitching for San Antonio Missions : RHP Nick Cunningham
|
|
Batting: LHB Harry Folsom
|
0-0: SOLO HOME RUN (Flyball, 9D, EV 95.6 MPH), Distance : 361 ft
|
|
Batting: RHB Willie Benito
|
0-0: Called Strike 0-1: Called Strike 0-2: Foul Ball, location: 2F 0-2: Ball 1-2: Ball 2-2: Ball 3-2: Ground out 1-3 (Groundball, 34S, EV 67.5 MPH)
|
|
Batting: LHB Nick Martin
|
0-0: Swinging Strike 0-1: Ground out U3 (Groundball, 3, EV 81.9 MPH)
|
|
DELAY
|
Rain delay of 43 minutes in the 5th inning.
|
|
Batting: RHB Chris Osting
|
0-0: Foul Ball, location: 2F 0-1: Called Strike 0-2: Strikes out looking
|
| Bottom of the 5th over - 1 run, 1 hit, 0 errors, 0 left on base; San Antonio 1 - Colorado (EL) 1 |
| TOP OF THE 6TH |
|
San Antonio Missions batting - Pitching for Colorado (EL) Rockies : RHP Dave Shanks
|
|
Pitching: RHP Dane Long
|
|
|
Batting: RHB Dave McBain
|
0-0: Called Strike 0-1: Ball 1-1: Foul Ball, location: 2F 1-2: SINGLE (Groundball, 6MD, EV 98.8 MPH)
|
|
Batting: RHB Freddie Brown
|
0-0: Ball 1-0: Ball 2-0: Called Strike 2-1: Ball 3-1: Base on Balls Dave McBain to second
|
|
Batting: RHB Mike Maserang
|
0-0: Called Strike 0-1: Foul Ball, location: 2F 0-2: 3-RUN HOME RUN (Flyball, 7LD, EV 94.4 MPH), Distance : 347 ft
|
|
Pitching: RHP Lorenzo Pacheco
|
|
|
Batting: RHB John Freeman
|
0-0: Ball 1-0: Ball 2-0: Ball 3-0: Foul Ball, location: 2F 3-1: Swinging Strike 3-2: Ground out 5-3 (Groundball, 56S, EV 74.4 MPH)
|
|
Batting: RHB Cesar Ortega
|
0-0: Ground out 5-3 (Groundball, 56S, EV 85.0 MPH)
|
|
Batting: RHB Adrian Martinelli
|
0-0: Ball 1-0: Called Strike 1-1: Ball 2-1: Foul Ball, location: 2F 2-2: Foul Ball, location: 2F 2-2: Strikes out swinging
|
| Top of the 6th over - 3 runs, 2 hits, 0 errors, 0 left on base; San Antonio 4 - Colorado (EL) 1 |
| BOTTOM OF THE 6TH |
|
Colorado (EL) Rockies batting - Pitching for San Antonio Missions : RHP Nick Cunningham
|
|
Pitching: RHP Moby Cock
|
|
|
Batting: SHB Jeff Sorrels
|
0-0: Ball 1-0: Ball 2-0: Foul Ball, location: 2F 2-1: Foul Ball, location: 2F 2-2: Fly out, F7 (Line Drive, 78M, EV 103.1 MPH)
|
|
Batting: RHB T.J. Williams
|
0-0: Ground out 4-3 (Groundball, 4, EV 98.1 MPH)
|
|
Batting: LHB Iehohs Inatho
|
0-0: Swinging Strike 0-1: Called Strike 0-2: Strikes out swinging, 2-3 out at first.
|
| Bottom of the 6th over - 0 runs, 0 hits, 0 errors, 0 left on base; San Antonio 4 - Colorado (EL) 1 |
| TOP OF THE 7TH |
|
San Antonio Missions batting - Pitching for Colorado (EL) Rockies : RHP Lorenzo Pacheco
|
|
Batting: RHB David Aguilar
|
0-0: Foul Ball, location: 2F 0-1: Foul Ball, location: 2F 0-2: Fly out, F7 (Flyball, 7LM, EV 89.4 MPH)
|
|
Batting: LHB Josh Slusarczyk
|
0-0: Ball 1-0: Foul Ball, location: 2F 1-1: Ball 2-1: Fly out, F8 (Line Drive, 8LD, EV 106.2 MPH)
|
|
Batting: RHB Roberto Monzon
|
0-0: Ball 1-0: Ball 2-0: Ball 3-0: Base on Balls
|
|
Batting: RHB Dave McBain
|
0-0: Called Strike 0-1: Ball 1-1: Ball Roberto Monzon steals 2nd base 2-1: Foul Ball, location: 2F 2-2: Ball 3-2: Foul Ball, location: 2F 3-2: Foul Ball, location: 2F 3-2: SINGLE (Groundball, 4M, EV 103.8 MPH) (infield hit) Roberto Monzon to third
|
|
Batting: RHB Freddie Brown
|
0-0: Ball 1-0: Ball 2-0: Called Strike 2-1: Ball 3-1: Called Strike 3-2: Ground out 6-3 (Groundball, 6, EV 93.1 MPH)
|
| Top of the 7th over - 0 runs, 1 hit, 0 errors, 2 left on base; San Antonio 4 - Colorado (EL) 1 |
| BOTTOM OF THE 7TH |
|
Colorado (EL) Rockies batting - Pitching for San Antonio Missions : RHP Moby Cock
|
|
Batting: RHB Matviy Oliynyk
|
0-0: Ball 1-0: Called Strike 1-1: Ball 2-1: Foul Ball, location: 2F 2-2: Strikes out swinging
|
|
Batting: LHB Daniel Green
|
0-0: Fly out, F8 (Flyball, 8RXD, EV 95.0 MPH)
|
|
Batting: LHB Harry Folsom
|
0-0: Called Strike 0-1: Swinging Strike 0-2: Ball 1-2: Ball 2-2: Ground out U3 (Groundball, 3L, EV 83.8 MPH)
|
| Bottom of the 7th over - 0 runs, 0 hits, 0 errors, 0 left on base; San Antonio 4 - Colorado (EL) 1 |
| TOP OF THE 8TH |
|
San Antonio Missions batting - Pitching for Colorado (EL) Rockies : RHP Lorenzo Pacheco
|
|
Pitching: RHP Michael Conrad
|
|
|
Batting: RHB Mike Maserang
|
0-0: Ball 1-0: Swinging Strike 1-1: Foul Ball, location: 2F 1-2: Strikes out swinging
|
|
Batting: RHB John Freeman
|
0-0: Called Strike 0-1: Ball 1-1: Called Strike 1-2: Strikes out swinging
|
|
Batting: RHB Cesar Ortega
|
0-0: Ground out 5-3 (Groundball, 56S, EV 88.1 MPH)
|
| Top of the 8th over - 0 runs, 0 hits, 0 errors, 0 left on base; San Antonio 4 - Colorado (EL) 1 |
| BOTTOM OF THE 8TH |
|
Colorado (EL) Rockies batting - Pitching for San Antonio Missions : RHP Moby Cock
|
|
Pitching: RHP Bryan Pitcher
|
|
|
Batting: RHB Willie Benito
|
0-0: Ball 1-0: Ball 2-0: Ball 3-0: Base on Balls
|
|
Batting: LHB Nick Martin
|
0-0: Called Strike 0-1: Called Strike 0-2: SINGLE (Groundball, 4M, EV 105.0 MPH) (infield hit) Willie Benito to second
|
|
Batting: RHB Chris Osting
|
0-0: Ball 1-0: Foul Ball, location: 2F 1-1: Ball 2-1: Fielders Choice at 2nd, 5-4 (Groundball, 5, EV 80.0 MPH) Willie Benito to third
|
|
Batting: SHB Jeff Sorrels
|
0-0: Ball 1-0: Ball 2-0: Ball 3-0: Base on Balls Chris Osting to second
|
|
Batting: RHB T.J. Williams
|
0-0: Ball Wild Pitch! Willie Benito scores Chris Osting to third Jeff Sorrels to second 1-0: Foul Ball, location: 2F 1-1: Foul Ball, location: 2F 1-2: Ball 2-2: Foul Ball, location: 2F 2-2: Ball 3-2: Base on Balls
|
|
Pitching: RHP Tony Delgado
|
|
|
Batting: LHB Iehohs Inatho
|
0-0: Fly out, F2 (Popup, 2R, EV 93.1 MPH)
|
|
Batting: RHB Matviy Oliynyk
|
0-0: Called Strike 0-1: Ground out 4-3 (Groundball, 4, EV 105.0 MPH)
|
| Bottom of the 8th over - 1 run, 1 hit, 0 errors, 3 left on base; San Antonio 4 - Colorado (EL) 2 |
| TOP OF THE 9TH |
|
San Antonio Missions batting - Pitching for Colorado (EL) Rockies : RHP Michael Conrad
|
|
Pitching: RHP Jim Micaletti
|
|
|
Pinch Hitting: LHB Matt Patnaude
|
0-0: Ball 1-0: Called Strike 1-1: SINGLE (Line Drive, 78S, EV 95.6 MPH)
|
|
Batting: RHB David Aguilar
|
0-0: Bunted foul 0-1: Bunted foul 0-2: Ball 1-2: Ball 2-2: Fielders Choice at 2nd, 4-6 (Groundball, 4, EV 85.0 MPH)
|
|
Batting: LHB Josh Slusarczyk
|
0-0: Ball David Aguilar is caught stealing 2nd base 2-6 1-0: Foul Ball, location: 2F 1-1: Ball 2-1: Ball 3-1: Base on Balls
|
|
Batting: RHB Roberto Monzon
|
0-0: Called Strike 0-1: Ball Passed Ball! Josh Slusarczyk to second 1-1: Ball 2-1: Ball 3-1: Base on Balls
|
|
Batting: RHB Dave McBain
|
0-0: Ball 1-0: Called Strike 1-1: Called Strike 1-2: Foul Ball, location: 2F 1-2: Ball 2-2: Ground out 6-3 (Groundball, 6M, EV 91.9 MPH)
|
| Top of the 9th over - 0 runs, 1 hit, 0 errors, 2 left on base; San Antonio 4 - Colorado (EL) 2 |
| BOTTOM OF THE 9TH |
|
Colorado (EL) Rockies batting - Pitching for San Antonio Missions : RHP Tony Delgado
|
|
Pitching: LHP Ismael Diaz
|
|
|
Now in RF: Matt Patnaude
|
|
|
Pinch Hitting: RHB Ray Insley
|
0-0: Ball 1-0: SINGLE (Line Drive, 7LS, EV 102.5 MPH)
|
|
Pinch Hitting: RHB Andy Rayer
|
0-0: Ball 1-0: DOUBLE (Groundball, 5L, EV 101.2 MPH) Ray Insley to third
|
|
Batting: RHB Willie Benito
|
0-0: Called Strike 0-1: Foul Ball, location: 2F 0-2: Ball 1-2: Ball 2-2: Strikes out swinging
|
|
Batting: LHB Nick Martin
|
0-0: Called Strike 0-1: Ball 1-1: Fly out, F9 (Flyball, 9, EV 80.0 MPH)
|
|
Batting: RHB Chris Osting
|
0-0: Swinging Strike 0-1: Swinging Strike 0-2: Strikes out looking
|
| Bottom of the 9th over - 0 runs, 2 hits, 0 errors, 2 left on base; San Antonio 4 - Colorado (EL) 2 |
|